 Dungeon Crawl Stone Soup version 0.17.1-1-g73c8601 (webtiles) character file.

1813 DeXoteric the Grappler (level 8, -3/80 HPs)
             Began as a Troll Monk on Dec 15, 2015.
             Slain by a killer bee (7 damage)
             ... on level 7 of the Dungeon.
             The game lasted 00:12:40 (5305 turns).

DeXoteric the Grappler (Troll Monk)                 Turns: 5305, Time: 00:12:40

Health: -3/80      AC:  6    Str: 21    XL:     8   Next: 84%
Magic:  7/7        EV: 12    Int:  6    God:
Gold:   356        SH:  0    Dex: 13    Spells: 0 memorised, 7 levels left

rFire  . . .     SeeInvis .       - Unarmed
rCold  . . .     Clarity  .     y - +0 robe (curse)
rNeg   + . .     SustAt   .     (no shield)
rPois  .         Gourm    +     (helmet restricted)
rElec  .         Spirit   .     w - +0 cloak
rCorr  .         Warding  .     (gloves unavailable)
rMut   .         Stasis   .     (boots unavailable)
MR     .....                    (no amulet)
Stlth  +.........               (no ring)
                                A - ring of positive energy

@: lethally poisoned (-3 -> -3), not resistant to hostile enchantments, very
unstealthy
A: unfitting armour, claws 3, fast metabolism 3, gourmand, regeneration 2,
shaggy fur 1, tough skin 2
a: no special abilities


You were on level 7 of the Dungeon.
You were full.

You visited 1 branch of the dungeon, and saw 7 of its levels.

You collected 356 gold pieces.

Inventory:

Armour
 a - a +0 robe
 w - a +0 cloak (worn)
 y - a cursed +0 robe (worn)
Jewellery
 A - a ring of positive energy (left claw)
Wands
 u - a wand of invisibility (6)
 D - a wand of draining (8)
Scrolls
 d - 4 scrolls of teleportation {unknown}
 h - 8 scrolls of identify {unknown}
 i - 2 scrolls of random uselessness {unknown}
 k - 3 scrolls of enchant armour {unknown}
 m - a scroll of immolation {unknown}
 n - 6 scrolls of remove curse {unknown}
 o - 3 scrolls of recharging {unknown}
 r - a scroll of enchant weapon {unknown}
 s - a scroll of fog {unknown}
 t - a scroll of fear {unknown}
Potions
 c - 4 potions of invisibility {unknown}
 e - a potion of haste {unknown}
 g - a potion of magic {unknown}
 j - 3 potions of poison {unknown}
 l - a potion of lignification {unknown}
 q - a potion of brilliance {unknown}
 v - a potion of resistance
 x - a potion of heal wounds {unknown}
 z - a potion of cure mutation {unknown}
 B - a potion of curing {unknown}
 C - a potion of cancellation {unknown}
Comestibles
 b - 7 bread rations
 f - 10 meat rations
 p - 3 beef jerkies


   Skills:
 + Level 5.3 Fighting
 + Level 5.3 Dodging
 - Level 1.1 Stealth
 * Level 9.1 Unarmed Combat


You had 7 spell levels left.
You didn't know any spells.

Dungeon Overview and Level Annotations

Branches:
Dungeon (7/15)
 Temple: D:4-7

Altars:
Elyvilon
Nemelex Xobeh
Okawaru
Qazlal
Sif Muna
Xom

Shops:
D:7 (


Innate Abilities, Weirdness & Mutations

You are too large for most types of armour.
You have claws for hands.
Your metabolism is lightning-fast.
You like to eat raw meat.
You heal very quickly.
You are covered in fur (AC +1).
You have very tough skin (AC +2).


Message History

You miss the killer bee. The killer bee completely misses you.
The jackal bites you.
* * * LOW HITPOINT WARNING * * *
The killer bee closely misses you.
You miss the killer bee.
You feel sick. The killer bee stings you!
* * * LOW HITPOINT WARNING * * *
The jackal bites you but does no damage.
The killer bee stings you.
* * * LOW HITPOINT WARNING * * *
The giant cockroach bites you but does no damage.
Found a thin runed staff.
You feel sick. The killer bee completely misses you.
You miss the killer bee. Your claw misses the killer bee.
The killer bee stings you but does no damage.
The giant cockroach misses you. The killer bee misses you.
You closely miss the killer bee.
You feel sick. The killer bee barely misses you.
The centaur wields a shortbow.
The centaur shoots an arrow.
The arrow closely misses you. The giant cockroach barely misses you.
The killer bee stings you!
You die...

.....###...#.#
.....#...#.$.#####.#
.....#...#...#.... #
........#..#..# .##
#.>.......!# ###..#
####.......†..###...#.##
...........>..ah..(..!.#
.#####...#.#.##ysh..(#
.#####.......###T....#
.#...........c..........
.....................###
.............###.....#
.#.........#.# #.|...#
..........##.# #.....#
#............####...##
#....∩#..........####
##..###.....<....#


You could see a centaur, a worker ant, a killer bee, 2 jackals and a giant
cockroach.

Vanquished Creatures
  Eustachio (D:5)
  A water moccasin (D:5)
  A phantom (D:7)
  An ogre (D:4)
  A centaur (D:6)
  2 killer bees (D:7)
  A scorpion (D:6)
  3 wights (D:6)
  4 crimson imps (D:5)
  2 jellies (D:6)
  4 orc priests
  A giant frog zombie (D:6)
  Ijyb (D:2)
  4 orc wizards
  A centaur skeleton (D:5)
  5 hounds
  3 worker ants (D:6)
  A hound skeleton (D:6)
  8 gnolls
  8 adders
  An ooze (D:3)
  An adder skeleton (D:5)
  4 worms
  3 giant geckos
  36 orcs
  A ball python (D:6)
  6 bats
  9 goblins
  8 hobgoblins
  A jackal (D:7)
  6 quokkas
  A ball python skeleton (D:3)
  6 giant cockroaches
  5 giant newts
  6 kobolds
  10 rats
157 creatures vanquished.

Notes
Turn   | Place    | Note
--------------------------------------------------------------
     0 | D:1      | DeXoteric the Troll Monk began the quest for the Orb.
     0 | D:1      | Reached XP level 1. HP: 22/22 MP: 0/0
   370 | D:1      | Reached XP level 2. HP: 29/29 MP: 1/1
   872 | D:2      | Reached XP level 3. HP: 33/36 MP: 2/2
  1064 | D:2      | Noticed Ijyb
  1070 | D:2      | Killed Ijyb
  1070 | D:2      | Reached XP level 4. HP: 42/44 MP: 3/3
  1094 | D:2      | Reached skill level 5 in Unarmed Combat
  1383 | D:3      | Reached XP level 5. HP: 9/53 MP: 4/4
  1711 | D:3      | Found a white marble altar of Elyvilon.
  1789 | D:3      | Found a sparkling altar of Nemelex Xobeh.
  2295 | D:3      | Found an iron altar of Okawaru.
  2358 | D:4      | Noticed an ogre
  2364 | D:4      | Killed an ogre
  2364 | D:4      | Reached XP level 6. HP: 55/61 MP: 5/5
  2437 | D:4      | Reached skill level 6 in Unarmed Combat
  3293 | D:5      | Entered Level 5 of the Dungeon
  3384 | D:5      | Found a shimmering altar of Xom.
  3399 | D:5      | Reached XP level 7. HP: 64/68 MP: 6/6
  3874 | D:5      | Noticed Eustachio
  3879 | D:5      | Noticed a water moccasin
  3887 | D:5      | Killed a water moccasin
  3887 | D:5      | Reached skill level 7 in Unarmed Combat
  3941 | D:5      | Killed Eustachio
  3984 | D:5      | Got a transparent trident {freeze}
  3985 | D:5      | Identified the +11 trident "Kympe" {freeze, rF+} (You took it off a crimson imp on level 5 of the Dungeon)
  4324 | D:6      | Reached XP level 8. HP: 79/79 MP: 7/7
  4428 | D:6      | Reached skill level 8 in Unarmed Combat
  4624 | D:6      | Found a sparkling altar of Nemelex Xobeh.
  4666 | D:6      | Found a stormy altar of Qazlal.
  4871 | D:6      | Reached skill level 5 in Fighting
  4871 | D:6      | Reached skill level 5 in Dodging
  5216 | D:6      | Found a deep blue altar of Sif Muna.
  5233 | D:7      | Found Uklot's Weapon Boutique.
  5271 | D:7      | Reached skill level 9 in Unarmed Combat
  5303 | D:7      | HP: 4/80 [poisoned by a killer bee]
  5305 | D:7      | Slain by a killer bee

Action                   |  1- 3 |  4- 6 |  7- 9 || total
-------------------------+-------+-------+-------++-------
Melee: Unarmed           |    74 |   181 |   202 ||   457
 Stab: Sleeping          |     3 |     4 |     5 ||    12
  Eat: Chunk             |    15 |    22 |    14 ||    51
